 Dungeon Crawl Stone Soup version 0.31.0-9-g3a7656b989 (webtiles) character file.

Game seed: 2027130759040124598

16 qw the Shooter (level 2, -2/16 HPs)
             Began as a Deep Elf Hunter on Feb 2, 2024.
             Slain by a gnoll
             ... wielding a +0 flail
              (8 damage)
             ... on level 2 of the Dungeon.
             The game lasted 00:00:03 (819 turns).

qw the Shooter (Deep Elf Hunter)                     Turns: 819, Time: 00:00:03

Health: -2/16      AC:  3    Str:  8    XL:     2   Next: 41%
Magic:  4/4        EV: 12    Int: 13    God:
Gold:   889        SH:  0    Dex: 18    Spells: 1/1 levels left

rFire   . . .        a - +0 shortbow
rCold   . . .        (shield currently unavailable)
rNeg    . . .        c - +0 leather armour
rPois   .            (no helmet)
rElec   .            (no cloak)
rCorr   .            (no gloves)
SInv    .            (no boots)
Will    .....        (no amulet)
Stlth   ++           (no ring)
HPRegen 0.22/turn    (no ring)
MPRegen 0.09/turn

%: no passive effects
@: no status effects
A: no striking features
a: no special abilities


You were on level 2 of the Dungeon.
You visited 1 branch of the dungeon, and saw 2 of its levels.

You collected 889 gold pieces.


   Skills:
 - Level 1.5 Fighting
 + Level 6.2 Ranged Weapons
 - Level 2.4 Dodging
 - Level 1.2 Stealth


You had one spell level left.
You didn't know any spells.
Your spell library was empty.

Inventory:

Hand Weapons
 a - a +0 shortbow (weapon)
Armour
 c - a +0 leather armour (worn)
Potions
 f - a potion of magic {unknown}
 g - a potion of cancellation
 h - a potion of brilliance {unknown}
 i - a potion of curing {unknown}
 k - a potion of mutation {unknown}

Dungeon Overview and Level Annotations

Branches:
Dungeon (2/15)

Altars:


Message History

734 ||| Stepping ~*~*~tactically~*~*~ (cloud).
You feel sick.
You start resting.
You feel sick. x7
You are no longer poisoned.
HP restored.
There is a stone staircase leading down here.
Done exploring.
What level of the Dungeon? (default 2, ? - help)
You climb downwards.
Found a scroll labelled WARYVU BOCHIRCH.
There is a stone staircase leading up here.
There are monsters nearby!
Waypoint 1 assigned to D:2.
813 ||| RETREEEEATING.
The goblin shouts!
You hear a shout!
The gnoll shouts!
You hear a shout!
You shoot an arrow.
The arrow hits the goblin but does no damage.
You hear a shout!
You shoot an arrow. The arrow hits the goblin!
You kill the goblin!
The giant cockroach bites you but does no damage.
You shoot an arrow. The arrow hits the giant cockroach!
You kill the giant cockroach!
A gnoll comes into view. It is wielding a +0 halberd.
You shoot an arrow. The arrow barely misses the gnoll.
A goblin comes into view. It is wielding a +0 dagger.
A gnoll comes into view. It is wielding a +0 spear.
The gnoll hits you with a +0 flail.
818 ||| RETREEEEATING.
You shoot an arrow. The goblin shouts!
The arrow hits the gnoll.
The gnoll is lightly wounded.
The goblin throws a stone.
The stone hits you.
The gnoll hits you from afar with a +0 halberd.
The gnoll barely misses you. x2
819 ||| RETREEEEATING.
You shoot an arrow. The arrow hits the gnoll.
The gnoll is moderately wounded.
The gnoll closely misses you. The gnoll hits you with a +0 flail!
Ouch! That really hurt!
You die...

.## ..
#######g#
#.......#
####.......#
#..........#
#.....)<.g.#
#.?.###@##...g.
# #g# ### ..g
##... #...#
##7.7 .7 .7


You could see 3 gnolls and a goblin.

Vanquished Creatures
  2 ball pythons (D:1)
  2 giant cockroaches
  3 hobgoblins (D:1)
  2 kobolds (D:1)
  A quokka (D:1)
  A frilled lizard (D:1)
  2 goblins
  A rat (D:1)
14 creatures vanquished.

Notes
Turn   | Place    | Note
-------+----------+-------------------------------------------
     0 | D:1      | qw the Deep Elf Hunter began the quest for the Orb.
     0 | D:1      | Reached XP level 1. HP: 12/12 MP: 3/3
     0 | D:1      | 0 ||| qw: Version: 0.3-a-155-g5e7d8dd
     0 | D:1      | 0 ||| qw: Game counter: 1673
     0 | D:1      | 0 ||| qw: Melee chars always use a shield: true
     0 | D:1      | 0 ||| qw: God list: Okawaru
     0 | D:1      | 0 ||| qw: Allow faded altars: false
     0 | D:1      | 0 ||| qw: Do Orc after clearing Dungeon:15 true
     0 | D:1      | 0 ||| qw: Do second Lair branch before Depths: true
     0 | D:1      | 0 ||| qw: Lair rune preference: random
     0 | D:1      | 0 ||| qw: Goals: Normal
     0 | D:1      | 0 ||| PLANNING D:1-11
    78 | D:1      | Reached XP level 2. HP: 15/16 MP: 4/4
   134 | D:1      | Reached skill level 6 in Ranged Weapons
   442 | D:1      | Found a faded altar of an unknown god.
   727 | D:1      | 727 ||| READING scroll labelled NIPPAS ZEES.
   728 | D:1      | 728 ||| READING scroll labelled WOCOTYBLAZXY.
   728 | D:1      | Identified a scroll of acquirement
   728 | D:1      | 728 ||| ACQUIRING 820 gold pieces
   728 | D:1      | Acquired 820 gold pieces
   730 | D:1      | 730 ||| READING scroll labelled EBUEPPU JAUSCH.
   731 | D:1      | 731 ||| DRINKING 2 brown potions.
   732 | D:1      | 732 ||| DROPPING scroll of butterflies.
   734 | D:1      | 734 ||| Stepping ~*~*~tactically~*~*~ (cloud).
   813 | D:2      | 813 ||| RETREEEEATING.
   818 | D:2      | 818 ||| RETREEEEATING.
   819 | D:2      | 819 ||| RETREEEEATING.
   819 | D:2      | Slain by a gnoll

Levels and vault maps discovered:
D:1:      dpeg_arrival_yet_another_circle, layout_basic,
          shapermc_ecumenical_altar_rom_forum
D:2:      layout_rooms, serial_forest, infiniplex_forest_straight_4,
          infiniplex_forest_lined_corner, infiniplex_forest_straight_3,
          infiniplex_forest_clump_small, infiniplex_forest_fountain,
          infiniplex_forest_straight_2, infiniplex_forest_straight_1,
          nrook_uturn

Skill      XL: |  1  2 |
---------------+-------+-----
Ranged Weapons | 6 |  6.2
Fighting       | |  1.5
Dodging        | |  2.4
Stealth        | |  1.2

Action                     || total
---------------------------++-------
   Fire: Shortbow          ||    32
    Use: Scroll            ||     3
         Potion            ||     1
 Armour: Leather armour    ||     8
  Dodge: Dodged            ||     3

Table legend:
 A = Non-vault XP
 B = Vault XP
 C = Vault XP percentage of total XP
 D = Non-vault monster count
 E = Vault monster count
 F = Vault count percentage of total count
                 A         B        C        D         E       F
            +---------+---------+-------+---------+---------+-------
      Total |      24 |       0 |   0.0 |      14 |       0 |   0.0
            +---------+---------+-------+---------+---------+-------
        D:1 |      20 |       0 |   0.0 |      12 |       0 |   0.0
        D:2 |       4 |       0 |   0.0 |       2 |       0 |   0.0
            +---------+---------+-------+---------+---------+-------
